 Dungeon Crawl Stone Soup version 0.28.0-62-gf88900778d (webtiles) character file.

Game seed: 17290814370097982864

72 cbfl8 the Shield-Bearer (level 4, -14/40 HPs)
             Began as a Minotaur Fighter on June 21, 2023.
             Killed from afar by Ijyb (39 damage)
             ... with a bolt of acid
             ... on level 3 of the Dungeon.
             The game lasted 00:01:15 (1548 turns).

cbfl8 the Shield-Bearer (Minotaur Fighter)          Turns: 1548, Time: 00:01:16

Health: -14/40     AC:  7    Str: 20    XL:     4   Next: 6%
Magic:  3/3        EV:  9    Int:  5    God:
Gold:   55         SH:  5    Dex: 18    Spells: 3/3 levels left

rFire   . . .      SeeInvis .   a - +0 long sword
rCold   . . .      Faith    .   c - +0 buckler
rNeg    . . .      Spirit   .   b - +0 scale mail
rPois   .          Reflect  .   (helmet restricted)
rElec   .          Harm     .   (no cloak)
rCorr   .          Rampage  .   (no gloves)
Will    .....                   (no boots)
Stlth   ..........              j - amulet of the acrobat
HPRegen 0.13/turn               h - +6 ring of dexterity
MPRegen 0.08/turn               (no ring)

@: no status effects
A: horns 2, retaliatory headbutt
a: no special abilities


You were on level 3 of the Dungeon.
You visited 1 branch of the dungeon, and saw 3 of its levels.

You collected 120 gold pieces.
You spent 65 gold pieces at shops.

Inventory:

Hand Weapons
 a - a +0 long sword (weapon)
Armour
 b - a +0 scale mail (worn)
 c - a +0 buckler (worn)
Jewellery
 h - a +6 ring of dexterity (left hand)
 j - an amulet of the acrobat (around neck)
Wands
 k - a wand of paralysis (10)
Scrolls
 e - a scroll of teleportation {unknown}
 f - a scroll of amnesia {unknown}
 g - 2 scrolls of immolation {unknown}
 i - 2 scrolls of enchant weapon {unknown}
 l - a scroll of holy word {unknown}
 m - a scroll of noise {unknown}
 n - a scroll of identify {unknown}
 p - a scroll of fear {unknown}
 q - a scroll of acquirement {unknown}
 r - a scroll of silence {unknown}
Potions
 d - 2 potions of might
 o - a potion of heal wounds


   Skills:
 + Level 4.0 Fighting
 + Level 3.3 Long Blades
 + Level 4.1 Armour
 + Level 0.2 Stealth
 + Level 4.4 Shields
 * Level 1.0 Evocations


You had 3 spell levels left.
You didn't know any spells.
Your spell library was empty.

Dungeon Overview and Level Annotations

Branches:
Dungeon (3/15)

Altars:

Shops:
D:3 *

Annotations:
D:3 Ijyb


Innate Abilities, Weirdness & Mutations

You have a pair of horns on your head.
You reflexively headbutt those who attack you in melee.


Message History

No target in view!
You now have 30 gold pieces (gained 8).
You open the door.
An orc comes into view. It is wielding a +0 club.
The orc throws a boomerang.
The boomerang closely misses you.
Found 20 gold pieces.
Found 5 gold pieces.
The orc throws a boomerang.
The boomerang misses you.
There is an open door here.
An orc is nearby!
An orc is nearby!
You hit the orc but do no damage. You block the orc's attack.
The orc hits you but does no damage.
An orc is nearby!
You slash the orc!
You kill the orc!
Your Evocations skill increases to level 1!
Items here: ( ) [ †.
No target in view!
You now have 50 gold pieces (gained 20).
You now have 55 gold pieces (gained 5).
As you open the door, it creaks loudly!
You hear a shout!
No target in view!
Ijyb the Twisted Goblin comes into view.
She is wielding a +0 dagger and carrying a wand of acid (12).
Ijyb shouts!
Ijyb zaps a wand.
The bolt of acid misses you.
A rat and a quokka come into view.
There is an open door here.
There are monsters nearby!
You hit Ijyb but do no damage. Ijyb hits you but does no damage.
There are monsters nearby!
You hit Ijyb. You headbutt Ijyb, but do no damage.
Ijyb is lightly wounded.
You block the rat's attack. You block Ijyb's attack.
You hit Ijyb.
Ijyb is moderately wounded.
The rat bites you but does no damage.
Ijyb zaps a wand.
The bolt of acid hits you! The rat bites you but does no damage.
Ijyb zaps a wand.
The bolt of acid hits you!!!
Ouch! That really hurt!
You die...

# .. #. ##... .## #.#
...#######... ..# ##..
.#.........###. ... ...#
......rrg...... ### #..
###@### ... #.# ##
##.....# #.# #P# ##.
##.....####.########..
##.....###.#.#.....#...
##..)..###..#...###.....
#.....###...'..######...
###'####....#....# #...
#.....#...†.#.##.# #...
#.....#....##.# .# ####


You could see Ijyb, a quokka and a rat.

Vanquished Creatures
  2 adders
  2 worms (D:2)
  2 dart slugs
  An orc (D:3)
  4 bats
  2 endoplasms
  3 giant cockroaches
  3 hobgoblins
  2 jackals (D:1)
  A quokka (D:1)
  3 ball pythons
  2 frilled lizards
  5 goblins
  3 kobolds
  5 rats
40 creatures vanquished.

Notes
Turn   | Place    | Note
-------+----------+-------------------------------------------
     0 | D:1      | cbfl8 the Minotaur Fighter began the quest for the Orb.
     0 | D:1      | Reached XP level 1. HP: 19/19 MP: 0/0
   200 | D:1      | Reached XP level 2. HP: 27/27 MP: 1/1
   304 | D:1      | Found a faded altar of an unknown god.
   976 | D:2      | Reached XP level 3. HP: 33/33 MP: 2/2
  1451 | D:3      | Found Qamuj's General Store.
  1460 | D:3      | Bought a potion of heal wounds for 65 gold pieces
  1520 | D:3      | Reached XP level 4. HP: 40/40 MP: 3/3
  1534 | D:3      | Reached skill level 1 in Evocations
  1544 | D:3      | Noticed Ijyb
  1548 | D:3      | Killed from afar by Ijyb

Illustrated notes

Levels and vault maps discovered:
D:1:      dpeg_arrival_arbitrary_a, layout_basic,
          dreamdust_ecumenical_altar_grove
D:2:      layout_rooms, minmay_misc_feat_cross
D:3:      layout_rooms, serial_shops, shop, serial_aquarium,
          aquarium_bridge_square [aquarium_subvault_wall,
          aquarium_subvault_balcony, aquarium_subvault_bridge,
          aquarium_subvault_wall], aquarium_bridge_straight
          [aquarium_subvault_bridge, aquarium_subvault_wall,
          aquarium_subvault_bridge, aquarium_subvault_window],
          aquarium_window_fake, aquarium_window_1, aquarium_window_corridor_2,
          aquarium_window_2, aquarium_view_2b, aquarium_balcony_3a,
          minmay_misc_feat_iff, minmay_quadrilaterals, uniq_natasha,
          uniq_crazy_yiuf_cottage, uniq_ijyb

Skill      XL: |  1  2  3  4 |
---------------+-------------+-----
Shields        | 4 |  4.4
Armour         | 4 |  4.1
Long Blades    | 3 |  3.3
Fighting       | 4 |  4.0
Evocations     | 1 |  1.0
Stealth        | |  0.2

Action                   |  1- 3 |  4- 6 || total
-------------------------+-------+-------++-------
Melee: Long sword        |    77 |     5 ||    82
       Headbutt          |    15 |     1 ||    16
Armor: Scale mail        |    34 |     4 ||    38
Dodge: Dodged            |    40 |     3 ||    43
Block: Buckler           |    19 |     3 ||    22
